WCHLSIM.com - West Coast Hockey League
html PUBLIC "-//W3C//DTD XHTML 1.0 Transitional//EN" "http://www.w3.org/TR/xhtml1/DTD/xhtml1-transitional.dtd"> WCHL - Game 84 - KANSAS CITY KILLERBEES vs SAN JOSE BRONCOS

KANSAS CITY KILLERBEES vs SAN JOSE BRONCOS

Created - 14 octobre 2019 at 20:30

Goals
1 2 3 T
KANSAS CITY KILLERBEES 0 0 0 0
SAN JOSE BRONCOS 0 0 2 2
Shots
1 2 3 T
KANSAS CITY KILLERBEES 11 11 10 32
SAN JOSE BRONCOS 5 13 6 24

1st period

No Goal

Penalties :
Adam Pelech (SJO) for High sticking (Minor) at 9:47

2nd period

No Goal

Penalties :
Hampus Lindholm (KCK) for High sticking (Minor) at 11:36, Jared Spurgeon (SJO) for Roughing (Minor) at 16:33

3rd period

1. SAN JOSE BRONCOS , Jared Spurgeon 2 (Zach Parise 3, Mikko Koivu 3) at 8:18
2. SAN JOSE BRONCOS , Mikko Koivu 1 (Zach Parise 4, Jared Spurgeon 2) at 19:37 (Empty Net)

Penalties :
Tyler Motte (SJO) for Interference (Minor) at 2:44, Carter Rowney (SJO) for Holding (Minor) at 16:01

Goalie Stats

John Gibson (KCK), 22 saves from 23 shots - (0,957), L, 0-3-3, 59:24 minutes
Jacob Markstrom (SJO), 32 saves from 32 shots - (1,000), W, 3-0-1, 60:00 minutes

Players Stats for KANSAS CITY KILLERBEES

Player Name              G  A  P  +/- PIM S  H  SB GA TA FO     MP     PP MP  PK MP  
------------------------------------------------------------------------------------
Alexander DeBrincat      0  0  0  -1  0   8  0  0  0  0  1/1    16:00   4:15   0:00 
Artturi Lehkonen         0  0  0   0  0   2  4  0  0  0  0/0    16:46   0:00   0:53 
Austin Czarnik           0  0  0  -1  0   2  1  0  0  0  0/1    14:00   0:00   0:00 
Calvin De Haan           0  0  0  -1  0   0  3  1  0  0  0/0    17:13   0:00   1:06 
Cam Fowler               0  0  0   0  0   0  1  0  0  0  0/0    21:34   4:02   0:53 
Colin Miller             0  0  0  -2  0   0  0  2  0  0  0/0    20:19   4:18   0:00 
Denis Malgin             0  0  0   0  0   0  0  0  0  0  1/2     8:27   0:00   0:00 
Dylan DeMelo             0  0  0   0  0   0  3  2  0  0  0/0    21:37   3:38   1:06 
Hampus Lindholm          0  0  0  -1  2   0  1  0  0  0  0/0    17:36   0:00   0:00 
Jacob de la Rose         0  0  0  -1  0   0  2  0  0  0  0/2    14:00   0:00   0:00 
Jacob Muzzin             0  0  0   0  0   0  1  0  0  0  0/0    21:40   3:54   0:53 
Jan Rutta                0  0  0   0  0   0  0  0  0  0  0/0     0:00   0:00   0:00 
Kyle Brodziak            0  0  0  -1  0   3  0  0  0  0  5/10   14:00   0:00   0:00 
Mark Stone               0  0  0  -1  0   8  0  0  0  0  0/1    17:06   4:15   1:06 
Mattias Janmark          0  0  0   0  0   1  0  0  0  0  0/0    12:08   3:41   0:00 
Ryan Kesler              0  0  0   0  0   4  2  0  0  0  18/24  24:20   3:41   0:53 
Sean Couturier           0  0  0  -1  0   4  0  0  0  0  17/29  21:40   4:15   1:06 
William Nylander         0  0  0   0  0   0  0  0  0  0  1/1    19:34   3:41   0:00 

Players Stats for SAN JOSE BRONCOS

Player Name              G  A  P  +/- PIM S  H  SB GA TA FO     MP     PP MP  PK MP  
------------------------------------------------------------------------------------
Adam Pelech              0  0  0   0  2   0  3  0  0  0  0/0    17:20   0:00   0:53 
Alexander Radulov        0  0  0   0  0   5  1  1  0  0  0/0    24:16   1:10   0:00 
Brady Skjei              0  0  0   0  0   1  2  4  0  0  0/0    20:06   0:49   3:57 
Carter Rowney            0  0  0   0  2   0  2  0  0  0  0/0    10:48   0:00   0:36 
Cody Eakin               0  0  0   1  0   1  0  0  0  0  6/12   11:04   0:49   0:00 
Colton Sissons           0  0  0   0  0   0  0  0  0  0  0/0    14:17   0:00   4:28 
Dustin Brown             0  0  0   0  0   2  1  0  0  0  0/0    17:03   0:49   0:26 
Evgeni Malkin            0  0  0   0  0   4  1  0  0  0  7/17   17:46   1:10   0:48 
Jaccob Slavin            0  0  0   2  0   1  3  5  0  0  0/0    22:12   0:49   3:06 
Jared Spurgeon           1  1  2   2  2   1  1  2  0  0  0/0    22:46   1:10   3:20 
Jesper Bratt             0  0  0   0  0   0  0  0  0  0  0/0     0:10   0:00   0:00 
Marco Scandella          0  0  0   0  0   0  1  4  0  0  0/0    16:28   0:00   0:00 
Mikko Koivu              1  1  2   2  0   1  1  1  0  0  12/22  19:09   0:00   4:54 
Neal Pionk               0  0  0   0  0   1  2  3  0  0  0/0    21:06   1:10   4:36 
Oliver Bjorkstrand       0  0  0   1  0   0  2  0  0  0  0/3    16:59   0:49   0:00 
Sean Kuraly              0  0  0   0  0   1  1  0  0  0  1/1    10:13   0:00   0:00 
Tyler Motte              0  0  0   0  2   2  4  0  0  0  2/13   11:50   0:00   1:38 
Zach Parise              0  2  2   2  0   4  0  0  0  0  0/3    18:27   1:10   3:02 

3 Stars

1 - Jacob Markstrom (SJO)
2 - Mikko Koivu (SJO)
3 - Jared Spurgeon (SJO)

Power Play

KANSAS CITY KILLERBEES - 0 on 4 Attempt(s) - 0,00%
SAN JOSE BRONCOS - 0 on 1 Attempt(s) - 0,00%

Penalty Kill

KANSAS CITY KILLERBEES - 1 on 1 Attempt(s) - 100,00% - Score 0 goal in Penalty Kill
SAN JOSE BRONCOS - 4 on 4 Attempt(s) - 100,00% - Score 0 goal in Penalty Kill

Team Stat

KANSAS CITY KILLERBEES - Hits : 18 - Faceoff Wins : 43 - Blocked Shots : 5 - Penalty Minutes : 2
SAN JOSE BRONCOS - Hits : 25 - Faceoff Wins : 28 - Blocked Shots : 20 - Penalty Minutes : 8

Official

Referees : Francis Charron and Jake Brenk
Linesman : Jordan Browne and Jonny Murray

Game Notes

Jesper Bratt is injured at 1:48 of 1st period (Sprained Right Ankle)
Mikko Koivu has scored in a empty net!

Finance

Level 1 -- Attendance: 6000 (100,00%) -- Ticket Income 750 000 $
Level 2 -- Attendance: 4714 (94,28%) -- Ticket Income 353 550 $
Level 3 -- Attendance: 1686 (84,30%) -- Ticket Income 101 160 $
Level 4 -- Attendance: 4000 (100,00%) -- Ticket Income 100 000 $
Luxury Box -- Attendance: 952 (95,20%) -- Ticket Income 214 200 $
Total Attendance: 17352 (96,40%)
Total Ticket Income: 1 518 910 $
Other Income: 455 673 $
Total Income: 1 974 583 $

KANSAS CITY KILLERBEES

5 vs 5 Forward 
   Center                   Left Wing                Right Wing               Time % Phy DF OF 
 1 Ryan Kesler              Alexander DeBrincat      Mark Stone               33     1   2  2  
 2 Sean Couturier           Artturi Lehkonen         William Nylander         30     1   2  2  
 3 Ryan Kesler              Mattias Janmark          Denis Malgin             26     1   2  2  
 4 Kyle Brodziak            Jacob de la Rose         Austin Czarnik           11     1   2  2  

5 vs 5 Defense 
   Defense                  Defense                                           Time % Phy DF OF 
 1 Hampus Lindholm          Cam Fowler                                        33     1   2  2  
 2 Colin Miller             Calvin De Haan                                    33     1   2  2  
 3 Dylan DeMelo             Jacob Muzzin                                      33     1   2  2  
 4 Hampus Lindholm          Cam Fowler                                        1      1   2  2  

PowerPlay Forward 
   Center                   Left Wing                Right Wing               Time % Phy DF OF 
 1 Sean Couturier           Alexander DeBrincat      Mark Stone               55     1   2  2  
 2 Ryan Kesler              Mattias Janmark          William Nylander         45     1   2  2  

PowerPlay Defense
   Defense                  Defense                                           Time % Phy DF OF 
 1 Colin Miller             Jacob Muzzin                                      50     1   2  2  
 2 Dylan DeMelo             Cam Fowler                                        50     1   2  2  

Penalty Kill 4 Players Forward 
   Center                   Wing                     Time % Phy DF OF 
 1 Sean Couturier           Mark Stone               55     1   2  2  
 2 Ryan Kesler              Artturi Lehkonen         45     1   2  2  

Penalty Kill 4 Players Defense
   Defense                  Defense                  Time % Phy DF OF 
 1 Jacob Muzzin             Hampus Lindholm          50     1   2  2  
 2 Dylan DeMelo             Calvin De Haan           50     1   2  2  

Penalty Kill - 3 Players Forward 
   Forward                                           Time % Phy DF OF 
 1 Artturi Lehkonen                                  55     1   2  2  
 2 Ryan Kesler                                       45     1   2  2  

Penalty Kill - 3 Players Defense
   Defense                  Defense                  Time % Phy DF OF 
 1 Hampus Lindholm          Jacob Muzzin             50     1   2  2  
 2 Calvin De Haan           Dylan DeMelo             50     1   2  2  

4 vs 4 Forward 
   Center                   Wing                     Time % Phy DF OF 
 1 Sean Couturier           Mark Stone               55     1   2  2  
 2 William Nylander         Alexander DeBrincat      45     1   2  2  

4 vs 4 Defense
   Defense                  Defense                  Time % Phy DF OF 
 1 Hampus Lindholm          Jacob Muzzin             50     1   2  2  
 2 Cam Fowler               Colin Miller             50     1   2  2  

Last Minutes Offensive
   Center                   Left Wing                Right Wing               Defense                  Defense                  
   Sean Couturier           Alexander DeBrincat      Mark Stone               Colin Miller             Hampus Lindholm          

Last Minutes Defensive
   Center                   Left Wing                Right Wing               Defense                  Defense                  
   Sean Couturier           Artturi Lehkonen         Austin Czarnik           Jacob Muzzin             Hampus Lindholm          

Goaltenders
Starting : John Gibson              
Backup : Jonathan Bernier         

Extra Forwards
Normal : Mark Stone, William Nylander, Alexander DeBrincat - PP : William Nylander, Mark Stone - PK : Sean Couturier
Extra Defensemen
Normal : Hampus Lindholm, Cam Fowler, Calvin De Haan - PP : Colin Miller - PK : Jacob Muzzin, Dylan DeMelo
Penalty Shots
William Nylander, Sean Couturier, Alexander DeBrincat, Mark Stone, Artturi Lehkonen
Custom OT Lines Forwards
Sean Couturier, William Nylander, Kyle Brodziak, Mark Stone, Mattias Janmark, Alexander DeBrincat, Ryan Kesler, Austin Czarnik, Artturi Lehkonen, Denis Malgin
Custom OT Lines Defensemen
Hampus Lindholm, Jacob Muzzin, Cam Fowler, Colin Miller, Calvin De Haan

Scratches
Hunter Shinkaruk (Healthy), Paul Stastny (Bruised Right Arm Injury), Joseph LaBate (Healthy), Nikita Korostelev (Healthy), Eric Cornel (Healthy)
Hunter Warner (Healthy), Josiah Didier (Healthy), Matthew Phillips (Healthy), Parker Wotherspoon (Healthy), Reece Scarlett (Healthy)
Steven Spinner (Healthy), Ken Appleby (Healthy), Mikhail Berdin (Healthy)

SAN JOSE BRONCOS

5 vs 5 Forward 
   Center                   Left Wing                Right Wing               Time % Phy DF OF 
 1 Evgeni Malkin            Dustin Brown             Alexander Radulov        35     1   2  2  
 2 Mikko Koivu              Oliver Bjorkstrand       Zach Parise              30     1   2  2  
 3 Cody Eakin               Colton Sissons           Jesper Bratt             20     1   2  2  
 4 Tyler Motte              Sean Kuraly              Carter Rowney            15     1   2  2  

5 vs 5 Defense 
   Defense                  Defense                                           Time % Phy DF OF 
 1 Jared Spurgeon           Jaccob Slavin                                     36     1   2  2  
 2 Neal Pionk               Brady Skjei                                       31     1   2  2  
 3 Adam Pelech              Marco Scandella                                   23     1   2  2  
 4 Adam Pelech              Marco Scandella                                   10     1   2  2  

PowerPlay Forward 
   Center                   Left Wing                Right Wing               Time % Phy DF OF 
 1 Evgeni Malkin            Zach Parise              Alexander Radulov        55     1   2  2  
 2 Cody Eakin               Dustin Brown             Oliver Bjorkstrand       45     1   2  2  

PowerPlay Defense
   Defense                  Defense                                           Time % Phy DF OF 
 1 Jared Spurgeon           Neal Pionk                                        55     1   2  2  
 2 Jaccob Slavin            Brady Skjei                                       45     1   2  2  

Penalty Kill 4 Players Forward 
   Center                   Wing                     Time % Phy DF OF 
 1 Mikko Koivu              Colton Sissons           55     1   2  2  
 2 Tyler Motte              Zach Parise              45     1   2  2  

Penalty Kill 4 Players Defense
   Defense                  Defense                  Time % Phy DF OF 
 1 Jared Spurgeon           Neal Pionk               55     1   2  2  
 2 Jaccob Slavin            Brady Skjei              45     1   2  2  

Penalty Kill - 3 Players Forward 
   Forward                                           Time % Phy DF OF 
 1 Mikko Koivu                                       55     1   2  2  
 2 Zach Parise                                       45     1   2  2  

Penalty Kill - 3 Players Defense
   Defense                  Defense                  Time % Phy DF OF 
 1 Jaccob Slavin            Brady Skjei              50     1   2  2  
 2 Neal Pionk               Jared Spurgeon           50     1   2  2  

4 vs 4 Forward 
   Center                   Wing                     Time % Phy DF OF 
 1 Mikko Koivu              Zach Parise              50     1   2  2  
 2 Cody Eakin               Oliver Bjorkstrand       50     1   2  2  

4 vs 4 Defense
   Defense                  Defense                  Time % Phy DF OF 
 1 Brady Skjei              Adam Pelech              50     1   2  2  
 2 Neal Pionk               Marco Scandella          50     1   2  2  

Last Minutes Offensive
   Center                   Left Wing                Right Wing               Defense                  Defense                  
   Evgeni Malkin            Zach Parise              Alexander Radulov        Jared Spurgeon           Jaccob Slavin            

Last Minutes Defensive
   Center                   Left Wing                Right Wing               Defense                  Defense                  
   Mikko Koivu              Zach Parise              Alexander Radulov        Jared Spurgeon           Jaccob Slavin            

Goaltenders
Starting : Jacob Markstrom          
Backup : Alexandar Georgiev       

Extra Forwards
Normal : Cody Eakin, Oliver Bjorkstrand, Jesper Bratt - PP : Oliver Bjorkstrand, Jesper Bratt - PK : Carter Rowney
Extra Defensemen
Normal : Marco Scandella, Neal Pionk, Adam Pelech - PP : Adam Pelech - PK : Brady Skjei, Neal Pionk
Penalty Shots
Evgeni Malkin, Alexander Radulov, Zach Parise, Dustin Brown, Jesper Bratt
Custom OT Lines Forwards
Evgeni Malkin, Alexander Radulov, Mikko Koivu, Zach Parise, Cody Eakin, Dustin Brown, Colton Sissons, Oliver Bjorkstrand, Tyler Motte, Jesper Bratt
Custom OT Lines Defensemen
Jared Spurgeon, Jaccob Slavin, Neal Pionk, Brady Skjei, Adam Pelech

Scratches
Gabriel Vilardi (Healthy), Eemeli Rasanen (Healthy), Nikita Popugaev (Healthy), Nolan Stevens (Healthy), Sam Bennett (Healthy)
Rem Pitlick (Healthy), Nick Bonino (Sore Left Knee Injury), Zach Fischer (Healthy), Petr Mrazek (Healthy)

% Time on Ice - KANSAS CITY KILLERBEES

Lines # - Real PCT - Wanted PCT - Time Play
Normal Forward
1 - 23% - 33% - 11:19
2 - 32% - 30% - 15:53
3 - 17% - 26% - 8:27
4 - 28% - 11% - 14:00
Normal Defense
1 - 34% - 33% - 16:39
2 - 32% - 33% - 16:07
3 - 34% - 33% - 16:53
4 - 0% - 1% - 0:00
PP Forward
1 - 54% - 55% - 4:15
2 - 46% - 45% - 3:41
PP Defense
1 - 54% - 50% - 4:18
2 - 46% - 50% - 3:38
PK Forward
1 - 55% - 55% - 1:06
2 - 45% - 45% - 0:53
PK Defense
1 - 45% - 50% - 0:53
2 - 55% - 50% - 1:06
PK3 Forward
1 - 0% - 55%
2 - 0% - 45%
PK3 Defense
1 - 0% - 50%
2 - 0% - 50%
44 Forward
1 - 0% - 55%
2 - 0% - 45%
44 Defense
1 - 0% - 50%
2 - 0% - 50%
Last Minute Offensive  - 0:26
Last Minute Defensive  - 0:00
Total
Forward - 60:00
Defense - 60:00

% Time on Ice - SAN JOSE BRONCOS

Lines # - Real PCT - Wanted PCT - Time Play
Normal Forward
1 - 32% - 35% - 15:48
2 - 28% - 30% - 13:49
3 - 20% - 20% - 9:49
4 - 21% - 15% - 10:13
Normal Defense
1 - 36% - 36% - 17:51
2 - 31% - 31% - 15:20
3 - 23% - 23% - 11:28
4 - 10% - 10% - 5:00
PP Forward
1 - 59% - 55% - 1:10
2 - 41% - 45% - 0:49
PP Defense
1 - 59% - 55% - 1:10
2 - 41% - 45% - 0:49
PK Forward
1 - 62% - 55% - 4:54
2 - 38% - 45% - 3:02
PK Defense
1 - 64% - 55% - 5:06
2 - 36% - 45% - 2:50
PK3 Forward
1 - 0% - 55%
2 - 0% - 45%
PK3 Defense
1 - 0% - 50%
2 - 0% - 50%
44 Forward
1 - 0% - 50%
2 - 0% - 50%
44 Defense
1 - 0% - 50%
2 - 0% - 50%
Last Minute Offensive  - 0:00
Last Minute Defensive  - 0:26
Total
Forward - 60:00
Defense - 60:00

Play-by-Play

1st period


0:01 of 1st period - Ryan Kesler wins face-off versus Evgeni Malkin in neutral zone.
0:34 of 1st period - Shot by Alexander Radulov.
0:34 of 1st period - Shot Misses the Net.
0:36 of 1st period - Shot by Alexander Radulov.
0:36 of 1st period - Stopped by John Gibson without a rebound.
0:37 of 1st period - Sean Couturier wins face-off versus Zach Parise in KANSAS CITY KILLERBEES zone.
0:37 of 1st period - Sean Couturier is hit by Mikko Koivu.
0:52 of 1st period - Shot by Sean Couturier.
0:52 of 1st period - Shot Blocked by Mikko Koivu.
1:00 of 1st period - Shot by William Nylander.
1:00 of 1st period - Shot Blocked by Brady Skjei.
1:02 of 1st period - Shot by Sean Couturier.
1:02 of 1st period - Stopped by Jacob Markstrom without a rebound.
1:03 of 1st period - Ryan Kesler wins face-off versus Cody Eakin in SAN JOSE BRONCOS zone.
1:06 of 1st period - Shot by Mattias Janmark.
1:06 of 1st period - Stopped by Jacob Markstrom without a rebound.
1:07 of 1st period - Tyler Motte wins face-off versus Ryan Kesler in SAN JOSE BRONCOS zone.
1:16 of 1st period - Mattias Janmark is hit by Tyler Motte and loses puck.
1:42 of 1st period - Shot by Tyler Motte.
1:42 of 1st period - Stopped by John Gibson without a rebound.
1:43 of 1st period - Cody Eakin wins face-off versus Austin Czarnik in KANSAS CITY KILLERBEES zone.
1:47 of 1st period - Jesper Bratt is hit by Calvin De Haan and loses puck.
1:48 of 1st period - Jesper Bratt from SAN JOSE BRONCOS is injured at 1:48 of 1st period (Sprained Right Ankle).
1:49 of 1st period - Sean Couturier wins face-off versus Cody Eakin in KANSAS CITY KILLERBEES zone.
1:58 of 1st period - Shot by Sean Couturier.
1:58 of 1st period - Stopped by Jacob Markstrom without a rebound.
1:59 of 1st period - Kyle Brodziak wins face-off versus Evgeni Malkin in SAN JOSE BRONCOS zone.
2:58 of 1st period - Shot by Mark Stone.
2:58 of 1st period - Shot Misses the Net.
3:00 of 1st period - Shot by Mark Stone.
3:00 of 1st period - Shot Blocked by Neal Pionk.
3:02 of 1st period - Shot by Mark Stone.
3:02 of 1st period - Stopped by Jacob Markstrom without a rebound.
3:03 of 1st period - Mikko Koivu wins face-off versus Sean Couturier in SAN JOSE BRONCOS zone.
3:03 of 1st period - Mikko Koivu is hit by Artturi Lehkonen.
3:14 of 1st period - Artturi Lehkonen is hit by Jared Spurgeon and loses puck.
3:23 of 1st period - Shot by Zach Parise.
3:23 of 1st period - Shot Blocked by Colin Miller.
4:02 of 1st period - Shot by Denis Malgin.
4:02 of 1st period - Shot Misses the Net.
4:04 of 1st period - Shot by Ryan Kesler.
4:04 of 1st period - Shot Blocked by Jaccob Slavin.
4:47 of 1st period - Shot by Austin Czarnik.
4:47 of 1st period - Shot Misses the Net.
4:49 of 1st period - Shot by Cam Fowler.
4:49 of 1st period - Shot Misses the Net.
4:59 of 1st period - Shot by Jacob de la Rose.
4:59 of 1st period - Deflect By Austin Czarnik.
4:59 of 1st period - Shot Blocked by Jaccob Slavin.
5:50 of 1st period - Shot by Alexander DeBrincat.
5:50 of 1st period - Stopped by Jacob Markstrom without a rebound.
5:51 of 1st period - Cody Eakin wins face-off versus Sean Couturier in SAN JOSE BRONCOS zone.
5:51 of 1st period - Cody Eakin is hit by Artturi Lehkonen.
6:23 of 1st period - Shot by Sean Couturier.
6:23 of 1st period - Shot Blocked by Marco Scandella.
6:58 of 1st period - Icing by Hampus Lindholm.
6:59 of 1st period - Ryan Kesler wins face-off versus Tyler Motte in KANSAS CITY KILLERBEES zone.
6:59 of 1st period - Ryan Kesler is hit by Sean Kuraly.
7:16 of 1st period - Shot by Alexander DeBrincat.
7:16 of 1st period - Shot Blocked by Neal Pionk.
7:18 of 1st period - Shot by Alexander DeBrincat.
7:18 of 1st period - Stopped by Jacob Markstrom without a rebound.
7:19 of 1st period - Kyle Brodziak wins face-off versus Evgeni Malkin in SAN JOSE BRONCOS zone.
7:19 of 1st period - Austin Czarnik is hit by Brady Skjei and loses puck.
8:46 of 1st period - Shot by Artturi Lehkonen.
8:46 of 1st period - Deflect By Sean Couturier.
8:46 of 1st period - Shot Blocked by Marco Scandella.
9:46 of 1st period - Shot by Mark Stone.
9:46 of 1st period - Shot Misses the Net.
9:47 of 1st period - Minor Penalty to Adam Pelech for High sticking.
9:48 of 1st period - Ryan Kesler wins face-off versus Mikko Koivu in SAN JOSE BRONCOS zone.
9:51 of 1st period - Shot by Ryan Kesler.
9:51 of 1st period - Stopped by Jacob Markstrom without a rebound.
9:52 of 1st period - Sean Couturier wins face-off versus Mikko Koivu in SAN JOSE BRONCOS zone.
10:59 of 1st period - Shot by Ryan Kesler.
10:59 of 1st period - Shot Blocked by Neal Pionk.
12:57 of 1st period - Shot by Cody Eakin.
12:57 of 1st period - Stopped by John Gibson without a rebound.
12:58 of 1st period - Sean Couturier wins face-off versus Tyler Motte in KANSAS CITY KILLERBEES zone.
13:04 of 1st period - Carter Rowney is hit by Jacob Muzzin and loses puck.
13:43 of 1st period - Off-side.
13:44 of 1st period - Ryan Kesler wins face-off versus Evgeni Malkin in neutral zone.
13:53 of 1st period - Shot by Alexander DeBrincat.
13:53 of 1st period - Stopped by Jacob Markstrom without a rebound.
13:54 of 1st period - Evgeni Malkin wins face-off versus Ryan Kesler in SAN JOSE BRONCOS zone.
14:09 of 1st period - Shot by Alexander DeBrincat.
14:09 of 1st period - Shot Blocked by Brady Skjei.
14:21 of 1st period - Shot by Mark Stone.
14:21 of 1st period - Stopped by Jacob Markstrom without a rebound.
14:22 of 1st period - Mikko Koivu wins face-off versus Sean Couturier in SAN JOSE BRONCOS zone.
14:22 of 1st period - Mikko Koivu is hit by Artturi Lehkonen.
15:50 of 1st period - Shot by Evgeni Malkin.
15:50 of 1st period - Stopped by John Gibson without a rebound.
15:51 of 1st period - Cody Eakin wins face-off versus Kyle Brodziak in KANSAS CITY KILLERBEES zone.
16:43 of 1st period - Shot by Alexander DeBrincat.
16:43 of 1st period - Shot Misses the Net.
17:03 of 1st period - Shot by Ryan Kesler.
17:03 of 1st period - Shot Misses the Net.
17:09 of 1st period - Shot by Alexander DeBrincat.
17:09 of 1st period - Shot Blocked by Brady Skjei.
17:11 of 1st period - Shot by Mark Stone.
17:11 of 1st period - Stopped by Jacob Markstrom without a rebound.
17:12 of 1st period - Sean Couturier wins face-off versus Tyler Motte in SAN JOSE BRONCOS zone.
17:39 of 1st period - Shot by Artturi Lehkonen.
17:39 of 1st period - Stopped by Jacob Markstrom without a rebound.
17:40 of 1st period - Ryan Kesler wins face-off versus Oliver Bjorkstrand in SAN JOSE BRONCOS zone.
17:41 of 1st period - Shot by Mattias Janmark.
17:41 of 1st period - Shot Blocked by Jaccob Slavin.
18:54 of 1st period - Shot by Sean Kuraly.
18:54 of 1st period - Stopped by John Gibson without a rebound.
18:55 of 1st period - Evgeni Malkin wins face-off versus Sean Couturier in KANSAS CITY KILLERBEES zone.
19:22 of 1st period - Shot by Artturi Lehkonen.
19:22 of 1st period - Shot Blocked by Brady Skjei.
19:24 of 1st period - Shot by Sean Couturier.
19:24 of 1st period - Shot Blocked by Alexander Radulov.
19:53 of 1st period - Alexander Radulov is hit by Jacob de la Rose and loses puck.
Goals for this period are 0 for KANSAS CITY KILLERBEES vs 0 for SAN JOSE BRONCOS.
Shots for this period are 11 for KANSAS CITY KILLERBEES vs 5 for SAN JOSE BRONCOS.

2nd period


0:01 of 2nd period - Ryan Kesler wins face-off versus Evgeni Malkin in neutral zone.
0:01 of 2nd period - Ryan Kesler is hit by Dustin Brown.
0:18 of 2nd period - Shot by Evgeni Malkin.
0:18 of 2nd period - Stopped by John Gibson without a rebound.
0:19 of 2nd period - Sean Couturier wins face-off versus Mikko Koivu in KANSAS CITY KILLERBEES zone.
0:36 of 2nd period - Shot by Zach Parise.
0:36 of 2nd period - Stopped by John Gibson without a rebound.
0:37 of 2nd period - Evgeni Malkin wins face-off versus Mark Stone in KANSAS CITY KILLERBEES zone.
0:39 of 2nd period - Alexander Radulov is hit by Dylan DeMelo and loses puck.
1:17 of 2nd period - Shot by Ryan Kesler.
1:17 of 2nd period - Stopped by Jacob Markstrom without a rebound.
1:18 of 2nd period - Sean Couturier wins face-off versus Oliver Bjorkstrand in SAN JOSE BRONCOS zone.
1:28 of 2nd period - Icing by Jaccob Slavin.
1:29 of 2nd period - Kyle Brodziak wins face-off versus Cody Eakin in SAN JOSE BRONCOS zone.
1:39 of 2nd period - Off-side.
1:40 of 2nd period - Evgeni Malkin wins face-off versus Ryan Kesler in neutral zone.
1:52 of 2nd period - Alexander DeBrincat is hit by Neal Pionk and loses puck.
2:05 of 2nd period - Shot by Ryan Kesler.
2:05 of 2nd period - Deflect By Mark Stone.
2:05 of 2nd period - Stopped by Jacob Markstrom with a rebound.
2:07 of 2nd period - Shot by Alexander DeBrincat.
2:07 of 2nd period - Stopped by Jacob Markstrom without a rebound.
2:08 of 2nd period - Mikko Koivu wins face-off versus Sean Couturier in SAN JOSE BRONCOS zone.
3:29 of 2nd period - Shot by Dustin Brown.
3:29 of 2nd period - Stopped by John Gibson without a rebound.
3:30 of 2nd period - Cody Eakin wins face-off versus Kyle Brodziak in KANSAS CITY KILLERBEES zone.
4:19 of 2nd period - Colton Sissons is hit by Ryan Kesler.
4:20 of 2nd period - Icing by Colton Sissons.
4:21 of 2nd period - Ryan Kesler wins face-off versus Cody Eakin in SAN JOSE BRONCOS zone.
4:41 of 2nd period - Alexander DeBrincat is hit by Adam Pelech.
4:59 of 2nd period - Shot by Alexander DeBrincat.
4:59 of 2nd period - Stopped by Jacob Markstrom without a rebound.
5:00 of 2nd period - Sean Couturier wins face-off versus Mikko Koivu in SAN JOSE BRONCOS zone.
5:09 of 2nd period - Shot by Zach Parise.
5:09 of 2nd period - Shot Misses the Net.
5:11 of 2nd period - Shot by Zach Parise.
5:11 of 2nd period - Stopped by John Gibson without a rebound.
5:12 of 2nd period - Mikko Koivu wins face-off versus Kyle Brodziak in KANSAS CITY KILLERBEES zone.
5:17 of 2nd period - Shot by Zach Parise.
5:17 of 2nd period - Shot Misses the Net.
5:31 of 2nd period - Shot by Jacob de la Rose.
5:31 of 2nd period - Deflect By Kyle Brodziak.
5:31 of 2nd period - Stopped by Jacob Markstrom without a rebound.
5:32 of 2nd period - Ryan Kesler wins face-off versus Tyler Motte in SAN JOSE BRONCOS zone.
5:49 of 2nd period - Shot by Denis Malgin.
5:49 of 2nd period - Shot Blocked by Jared Spurgeon.
6:39 of 2nd period - Shot by William Nylander.
6:39 of 2nd period - Shot Misses the Net.
6:50 of 2nd period - Dustin Brown is hit by Calvin De Haan and loses puck.
7:10 of 2nd period - Shot by Dustin Brown.
7:10 of 2nd period - Stopped by John Gibson without a rebound.
7:11 of 2nd period - Mikko Koivu wins face-off versus Kyle Brodziak in KANSAS CITY KILLERBEES zone.
7:38 of 2nd period - Shot by Mikko Koivu.
7:38 of 2nd period - Shot Misses the Net.
8:35 of 2nd period - Shot by Alexander Radulov.
8:35 of 2nd period - Stopped by John Gibson without a rebound.
8:36 of 2nd period - Ryan Kesler wins face-off versus Tyler Motte in KANSAS CITY KILLERBEES zone.
8:36 of 2nd period - Ryan Kesler is hit by Tyler Motte.
9:06 of 2nd period - Shot by Mark Stone.
9:06 of 2nd period - Deflect By Alexander DeBrincat.
9:06 of 2nd period - Stopped by Jacob Markstrom without a rebound.
9:07 of 2nd period - Sean Couturier wins face-off versus Evgeni Malkin in SAN JOSE BRONCOS zone.
9:32 of 2nd period - Icing by Colin Miller.
9:33 of 2nd period - Mikko Koivu wins face-off versus Sean Couturier in KANSAS CITY KILLERBEES zone.
9:46 of 2nd period - Shot by Mikko Koivu.
9:46 of 2nd period - Deflect By Zach Parise.
9:46 of 2nd period - Shot Blocked by Colin Miller.
9:48 of 2nd period - Shot by Zach Parise.
9:48 of 2nd period - Stopped by John Gibson without a rebound.
9:49 of 2nd period - Ryan Kesler wins face-off versus Evgeni Malkin in KANSAS CITY KILLERBEES zone.
9:51 of 2nd period - Mark Stone is hit by Evgeni Malkin and loses puck.
9:55 of 2nd period - Cam Fowler is hit by Adam Pelech and loses puck.
10:18 of 2nd period - Shot by Alexander DeBrincat.
10:18 of 2nd period - Deflect By Mark Stone.
10:18 of 2nd period - Stopped by Jacob Markstrom with a rebound.
10:20 of 2nd period - Shot by Mark Stone.
10:20 of 2nd period - Shot Misses the Net.
10:24 of 2nd period - Shot by Mark Stone.
10:24 of 2nd period - Shot Blocked by Marco Scandella.
10:26 of 2nd period - Shot by Mark Stone.
10:26 of 2nd period - Stopped by Jacob Markstrom without a rebound.
10:27 of 2nd period - Mikko Koivu wins face-off versus Sean Couturier in SAN JOSE BRONCOS zone.
10:44 of 2nd period - Shot by Zach Parise.
10:44 of 2nd period - Stopped by John Gibson without a rebound.
10:45 of 2nd period - Cody Eakin wins face-off versus Jacob de la Rose in KANSAS CITY KILLERBEES zone.
10:50 of 2nd period - Shot by Oliver Bjorkstrand.
10:50 of 2nd period - Shot Blocked by Dylan DeMelo.
10:52 of 2nd period - Shot by Neal Pionk.
10:52 of 2nd period - Stopped by John Gibson without a rebound.
10:53 of 2nd period - Ryan Kesler wins face-off versus Evgeni Malkin in KANSAS CITY KILLERBEES zone.
10:58 of 2nd period - Shot by Ryan Kesler.
10:58 of 2nd period - Shot Misses the Net.
11:06 of 2nd period - Shot by Alexander Radulov.
11:06 of 2nd period - Stopped by John Gibson without a rebound.
11:07 of 2nd period - William Nylander wins face-off versus Zach Parise in KANSAS CITY KILLERBEES zone.
11:07 of 2nd period - William Nylander is hit by Oliver Bjorkstrand.
11:16 of 2nd period - Neal Pionk is hit by Artturi Lehkonen and loses puck.
11:36 of 2nd period - Minor Penalty to Hampus Lindholm for High sticking.
11:37 of 2nd period - Evgeni Malkin wins face-off versus Sean Couturier in KANSAS CITY KILLERBEES zone.
12:11 of 2nd period - Shot by Alexander Radulov.
12:11 of 2nd period - Shot Hit the Post.
12:13 of 2nd period - Shot by Neal Pionk.
12:13 of 2nd period - Shot Blocked by Calvin De Haan.
12:15 of 2nd period - Shot by Alexander Radulov.
12:15 of 2nd period - Stopped by John Gibson without a rebound.
12:16 of 2nd period - Ryan Kesler wins face-off versus Cody Eakin in KANSAS CITY KILLERBEES zone.
13:13 of 2nd period - Dylan DeMelo is hit by Neal Pionk and loses puck.
13:41 of 2nd period - Shot by Tyler Motte.
13:41 of 2nd period - Stopped by John Gibson without a rebound.
13:42 of 2nd period - Kyle Brodziak wins face-off versus Tyler Motte in KANSAS CITY KILLERBEES zone.
14:00 of 2nd period - Shot by Austin Czarnik.
14:00 of 2nd period - Stopped by Jacob Markstrom without a rebound.
14:01 of 2nd period - Evgeni Malkin wins face-off versus Ryan Kesler in SAN JOSE BRONCOS zone.
14:01 of 2nd period - Evgeni Malkin is hit by Ryan Kesler.
14:23 of 2nd period - Shot by Evgeni Malkin.
14:23 of 2nd period - Shot Misses the Net.
14:51 of 2nd period - Shot by Evgeni Malkin.
14:51 of 2nd period - Stopped by John Gibson without a rebound.
14:52 of 2nd period - Sean Couturier wins face-off versus Mikko Koivu in KANSAS CITY KILLERBEES zone.
15:02 of 2nd period - Shot by Zach Parise.
15:02 of 2nd period - Shot Hit the Post.
15:52 of 2nd period - Icing by Cam Fowler.
15:53 of 2nd period - Sean Couturier wins face-off versus Tyler Motte in KANSAS CITY KILLERBEES zone.
15:53 of 2nd period - Sean Couturier is hit by Carter Rowney.
16:30 of 2nd period - Denis Malgin is hit by Jaccob Slavin and loses puck.
16:33 of 2nd period - Shot by Ryan Kesler.
16:33 of 2nd period - Stopped by Jacob Markstrom without a rebound.
16:33 of 2nd period - Minor Penalty to Jared Spurgeon for Roughing.
16:34 of 2nd period - Sean Couturier wins face-off versus Mikko Koivu in SAN JOSE BRONCOS zone.
17:42 of 2nd period - Icing by Dylan DeMelo.
17:43 of 2nd period - Ryan Kesler wins face-off versus Zach Parise in KANSAS CITY KILLERBEES zone.
17:43 of 2nd period - Ryan Kesler is hit by Tyler Motte.
17:46 of 2nd period - William Nylander is hit by Tyler Motte and loses puck.
18:44 of 2nd period - Shot by Kyle Brodziak.
18:44 of 2nd period - Shot Blocked by Jaccob Slavin.
18:46 of 2nd period - Shot by Austin Czarnik.
18:46 of 2nd period - Stopped by Jacob Markstrom without a rebound.
18:47 of 2nd period - Kyle Brodziak wins face-off versus Evgeni Malkin in SAN JOSE BRONCOS zone.
18:47 of 2nd period - Austin Czarnik is hit by Jaccob Slavin.
19:09 of 2nd period - Shot by Dustin Brown.
19:09 of 2nd period - Shot Blocked by Dylan DeMelo.
19:43 of 2nd period - Jacob Muzzin is hit by Marco Scandella and loses puck.
Goals for this period are 0 for KANSAS CITY KILLERBEES vs 0 for SAN JOSE BRONCOS.
Shots for this period are 11 for KANSAS CITY KILLERBEES vs 13 for SAN JOSE BRONCOS.

3rd period


0:01 of 3rd period - Evgeni Malkin wins face-off versus Ryan Kesler in neutral zone.
2:44 of 3rd period - Minor Penalty to Tyler Motte for Interference.
2:45 of 3rd period - Mikko Koivu wins face-off versus Sean Couturier in SAN JOSE BRONCOS zone.
3:20 of 3rd period - Shot by Mark Stone.
3:20 of 3rd period - Shot Misses the Net.
4:58 of 3rd period - Alexander Radulov is hit by Calvin De Haan.
5:00 of 3rd period - Shot by Evgeni Malkin.
5:00 of 3rd period - Shot Misses the Net.
5:13 of 3rd period - Shot by Kyle Brodziak.
5:13 of 3rd period - Stopped by Jacob Markstrom with a rebound.
5:15 of 3rd period - Shot by Kyle Brodziak.
5:15 of 3rd period - Stopped by Jacob Markstrom without a rebound.
5:16 of 3rd period - Ryan Kesler wins face-off versus Oliver Bjorkstrand in SAN JOSE BRONCOS zone.
5:16 of 3rd period - Denis Malgin is hit by Jaccob Slavin and loses puck.
5:20 of 3rd period - Icing by Jared Spurgeon.
5:21 of 3rd period - Mikko Koivu wins face-off versus Denis Malgin in SAN JOSE BRONCOS zone.
5:30 of 3rd period - Shot by Zach Parise.
5:30 of 3rd period - Shot Misses the Net.
6:47 of 3rd period - Icing by Hampus Lindholm.
6:48 of 3rd period - Sean Couturier wins face-off versus Cody Eakin in KANSAS CITY KILLERBEES zone.
7:04 of 3rd period - Shot by Sean Couturier.
7:04 of 3rd period - Shot Blocked by Marco Scandella.
8:12 of 3rd period - Shot by Zach Parise.
8:12 of 3rd period - Shot Misses the Net.
8:14 of 3rd period - Shot by Mikko Koivu.
8:14 of 3rd period - Shot Misses the Net.
8:16 of 3rd period - Shot by Zach Parise.
8:16 of 3rd period - Shot Misses the Net.
8:18 of 3rd period - Shot by Jared Spurgeon.
8:18 of 3rd period - Goal by Jared Spurgeon - KANSAS CITY KILLERBEES : 0 - SAN JOSE BRONCOS : 1.
8:19 of 3rd period - Ryan Kesler wins face-off versus Tyler Motte in neutral zone.
8:47 of 3rd period - Mark Stone is hit by Carter Rowney and loses puck.
8:55 of 3rd period - Mark Stone is hit by Brady Skjei and loses puck.
8:58 of 3rd period - Shot by Mark Stone.
8:58 of 3rd period - Stopped by Jacob Markstrom without a rebound.
8:59 of 3rd period - Sean Couturier wins face-off versus Mikko Koivu in SAN JOSE BRONCOS zone.
9:04 of 3rd period - Shot by Artturi Lehkonen.
9:04 of 3rd period - Shot Misses the Net.
9:18 of 3rd period - Sean Couturier is hit by Oliver Bjorkstrand and loses puck.
10:43 of 3rd period - Shot by Alexander DeBrincat.
10:43 of 3rd period - Stopped by Jacob Markstrom without a rebound.
10:44 of 3rd period - Sean Kuraly wins face-off versus Jacob de la Rose in SAN JOSE BRONCOS zone.
11:13 of 3rd period - Shot by Carter Rowney.
11:13 of 3rd period - Shot Misses the Net.
11:33 of 3rd period - Dylan DeMelo is hit by Alexander Radulov and loses puck.
11:55 of 3rd period - Cody Eakin is hit by Dylan DeMelo and loses puck.
11:58 of 3rd period - Shot by Alexander Radulov.
11:58 of 3rd period - Stopped by John Gibson without a rebound.
11:59 of 3rd period - Alexander DeBrincat wins face-off versus Evgeni Malkin in KANSAS CITY KILLERBEES zone.
12:18 of 3rd period - Shot by Evgeni Malkin.
12:18 of 3rd period - Stopped by John Gibson without a rebound.
12:19 of 3rd period - Cody Eakin wins face-off versus Sean Couturier in KANSAS CITY KILLERBEES zone.
12:28 of 3rd period - Shot by Sean Couturier.
12:28 of 3rd period - Stopped by Jacob Markstrom without a rebound.
12:29 of 3rd period - Denis Malgin wins face-off versus Tyler Motte in SAN JOSE BRONCOS zone.
12:29 of 3rd period - Denis Malgin is hit by Adam Pelech.
14:07 of 3rd period - Shot by William Nylander.
14:07 of 3rd period - Shot Blocked by Jared Spurgeon.
14:12 of 3rd period - Shot by Sean Couturier.
14:12 of 3rd period - Deflect By William Nylander.
14:12 of 3rd period - Shot Misses the Net.
14:14 of 3rd period - Shot by Artturi Lehkonen.
14:14 of 3rd period - Stopped by Jacob Markstrom without a rebound.
14:15 of 3rd period - Mikko Koivu wins face-off versus Kyle Brodziak in SAN JOSE BRONCOS zone.
14:29 of 3rd period - Mikko Koivu is hit by Dylan DeMelo and loses puck.
15:06 of 3rd period - Neal Pionk is hit by Austin Czarnik and loses puck.
15:21 of 3rd period - Adam Pelech is hit by Jacob de la Rose and loses puck.
15:49 of 3rd period - Alexander Radulov is hit by Hampus Lindholm and loses puck.
16:01 of 3rd period - Minor Penalty to Carter Rowney for Holding.
16:02 of 3rd period - Sean Couturier wins face-off versus Tyler Motte in SAN JOSE BRONCOS zone.
16:23 of 3rd period - Shot by Sean Couturier.
16:23 of 3rd period - Stopped by Jacob Markstrom without a rebound.
16:24 of 3rd period - Ryan Kesler wins face-off versus Tyler Motte in SAN JOSE BRONCOS zone.
16:37 of 3rd period - Shot by Ryan Kesler.
16:37 of 3rd period - Stopped by Jacob Markstrom without a rebound.
16:38 of 3rd period - Mikko Koivu wins face-off versus Sean Couturier in SAN JOSE BRONCOS zone.
16:44 of 3rd period - Icing by Sean Couturier.
16:45 of 3rd period - Sean Couturier wins face-off versus Mikko Koivu in KANSAS CITY KILLERBEES zone.
17:19 of 3rd period - Shot by Mark Stone.
17:19 of 3rd period - Stopped by Jacob Markstrom without a rebound.
17:20 of 3rd period - Ryan Kesler wins face-off versus Mikko Koivu in SAN JOSE BRONCOS zone.
18:13 of 3rd period - Alexander Radulov is hit by Cam Fowler and loses puck.
18:30 of 3rd period - Shot by Jacob de la Rose.
18:30 of 3rd period - Shot Misses the Net.
19:01 of 3rd period - KANSAS CITY KILLERBEES, John Gibson is pulled from the net.
19:11 of 3rd period - Shot by Mark Stone.
19:11 of 3rd period - Deflect By Alexander DeBrincat.
19:11 of 3rd period - Stopped by Jacob Markstrom without a rebound.
19:12 of 3rd period - Sean Couturier wins face-off versus Mikko Koivu in SAN JOSE BRONCOS zone.
19:13 of 3rd period - Shot by Alexander DeBrincat.
19:13 of 3rd period - Deflect By Mark Stone.
19:13 of 3rd period - Shot Blocked by Jaccob Slavin.
19:37 of 3rd period - Shot by Mikko Koivu.
19:37 of 3rd period - Goal by Mikko Koivu - KANSAS CITY KILLERBEES : 0 - SAN JOSE BRONCOS : 2.
19:37 of 3rd period - John Gibson from KANSAS CITY KILLERBEES was sent back in the game.
19:38 of 3rd period - Tyler Motte wins face-off versus Ryan Kesler in neutral zone.
19:43 of 3rd period - Shot by Neal Pionk.
19:43 of 3rd period - Shot Misses the Net.
19:45 of 3rd period - Shot by Sean Kuraly.
19:45 of 3rd period - Shot Misses the Net.
19:47 of 3rd period - Shot by Carter Rowney.
19:47 of 3rd period - Shot Misses the Net.
19:49 of 3rd period - Shot by Brady Skjei.
19:49 of 3rd period - Stopped by John Gibson without a rebound.
19:50 of 3rd period - Mikko Koivu wins face-off versus Sean Couturier in KANSAS CITY KILLERBEES zone.
19:55 of 3rd period - Shot by Jaccob Slavin.
19:55 of 3rd period - Stopped by John Gibson with a rebound.
19:57 of 3rd period - Shot by Zach Parise.
19:57 of 3rd period - Shot Misses the Net.
19:59 of 3rd period - Shot by Jared Spurgeon.
19:59 of 3rd period - Shot Misses the Net.
Goals for this period are 0 for KANSAS CITY KILLERBEES vs 2 for SAN JOSE BRONCOS.
Shots for this period are 10 for KANSAS CITY KILLERBEES vs 6 for SAN JOSE BRONCOS.


AUSTON
MATTHEWS
JOEL
ERIKSSON
MATHEW
BARZAL

EAST COAST

HOCKEY LEAGUE

  • 21.PIT7MAN3
  • 22.ATL3NHW4
  • 23.WOR5PET4
  • 24.3RHI4
  • 25.QUECHI
  • 26.CHALIM
  • 27.TRVLON
  • 28.CHWBAL